 Dungeon Crawl Stone Soup version bcrawl-1.27.1d (webtiles) character file.

Game seed: 10902573055140709333

142332 ccchuros the Conjurer (level 4, -3/27 HPs)
             Began as a Fairy Conjurer on July 22, 2020.
             Was an Initiate of Vehumet.
             Slain by Crazy Yiuf
             ... wielding a +2 quarterstaff of chaos
              (6 damage)
             ... on level 2 of the Dungeon on July 23, 2020.
             The game lasted 00:05:41 (2019 turns).

ccchuros the Conjurer (Fairy Conjurer)              Turns: 2019, Time: 00:05:41

Health: -3/27      AC:  4    Str:  6    XL:     4   Next: 98%
Magic:  9/11       EV: 17    Int: 20    God:    Vehumet [......]
Gold:   109        SH:  4    Dex: 12    Spells: 3/9 levels left

rFire    . . .     SeeInvis .   a - +0 short sword
rCold    . . .     Gourm    .   (shield restricted)
rNeg     . . .     Faith    .   (armour unavailable)
rPois    .         Spirit   .   (no helmet)
rElec    .         Reflect  .   (no cloak)
rCorr    .         Harm     .   (no gloves)
MR       .....                  (no boots)
Stlth    +.........             (no amulet)
HPRegen  0.09/turn              (no ring)
MPRegen  0.12/turn              (no ring)

@: flying evasively
A: small, magic attunement, unstealthy, unfitting armour, able to fly, AC/SH +4
a: Stop Flying, Renounce Religion


You were on level 2 of the Dungeon.
You worshipped Vehumet.
Vehumet was noncommittal.
You were not hungry.

You visited 1 branch of the dungeon, and saw 2 of its levels.

You collected 109 gold pieces.

Inventory:

Hand Weapons
 a - a +0 short sword (weapon)
Missiles
 c - 179 arrows
 e - 113 poisoned tomahawks (quivered)
 f - 725 stones
Armour
 o - a +0 helmet
Scrolls
 d - a scroll of identify
 h - a scroll of magic mapping {unknown}
 j - a scroll of remove curse {unknown}
 k - a scroll of noise {unknown}
 m - a scroll of enchant weapon {unknown}
 n - a scroll of teleportation {unknown}
Potions
 b - a potion of magic
 g - a potion of berserk rage {unknown}
 i - a potion of curing {unknown}
Comestibles
 l - a chunk of flesh
 u - 3 rations {!d}


   Skills:
 + Level 0.1 Fighting
 * Level 1.8 Short Blades
 * Level 1.3 Throwing
 + Level 3.2 Dodging
 + Level 1.6 Stealth
 + Level 3.3 Spellcasting
 + Level 5.8 Conjurations


You had 3 spell levels left.
You knew the following spells:

 Your Spells              Type           Power        Failure   Level  Hunger
a - Magic Dart            Conj           ####         1%          1    None
d - Iskenderun's Mystic   Conj           ####....     3%          3    None
g - Searing Ray           Conj           ####....     1%          2    None

Your spell library contained the following spells:

 Spells                   Type           Power        Failure   Level  Hunger
 Fulminant Prism          Conj/Hex       ###.......   38%         4    None
 Irradiate                Conj/Tmut      ###.......   75%         5    None


Dungeon Overview and Level Annotations

Branches:
Dungeon (2/12)

Altars:
Gozag
Vehumet
Yredelemnul
The Shining One

Annotations:
D:2 Crazy Yiuf


Innate Abilities, Weirdness & Mutations

Your spells do not cause hunger and MP costs are reduced by 1.
Your bright wings attract enemies. (Stealth-)
You cannot fit into any form of body armour.
Your shimmering scales are hard and can block incoming attacks. (AC +4, SH +4)
You are small and have problems with some larger weapons.
You can fly continuously.


Message History

Crazy Yiuf closely misses you.
Crazy Yiuf hits you with a +2 quarterstaff of chaos!
Crazy Yiuf burns you.
Crazy Yiuf hits you with a +2 quarterstaff of chaos!
* * * LOW HITPOINT WARNING * * *
Crazy Yiuf freezes you.
* * * LOW HITPOINT WARNING * * *
Unknown command.
Crazy Yiuf cries, "Rifle!
Whippet head Xom."
Crazy Yiuf twirls on the spot.
Casting: Iskenderun's Mystic Blast (safe; 3% risk of failure)
Confirm with . or Enter, or press ? or * to list all spells.
Aiming: Iskenderun's Mystic Blast (safe; 3% risk of failure)
Press: ? - help, Shift-Dir - straight line, f/p - Crazy Yiuf
Aim: Crazy Yiuf, wielding a +2 quarterstaff of chaos and wearing a +0 cloak (moderately wounded)
The orb of energy hits Crazy Yiuf.
Crazy Yiuf is heavily wounded.
Crazy Yiuf says, "Candle!"
Crazy Yiuf hits you with a +2 quarterstaff of chaos.
You die...

###########
#..........
#####
#.########.
##@..####.#
###...
##.g.......#
#...##
#....#####.##
#.#... #....#
#...###.###.
♣....♣
#........##.
♣...♣♣
#...###..###
♣♣.♣♣
##.####..###
###########
♣.♣♣
#..........
#.........#
♣♣.♣
######.###.


You could see Crazy Yiuf.

Vanquished Creatures
  Jessica (D:2)
  Terence (D:2)
  An ooze (D:1)
  2 worms
  5 dart slugs
  4 leopard geckos
  3 bats (D:1)
  A giant cockroach (D:1)
  2 goblins
  5 hobgoblins
  8 kobolds
  2 quokkas (D:2)
  4 frilled lizards (D:2)
  4 rats (D:1)
43 creatures vanquished.

Notes
Turn   | Place    | Note
-------+----------+-------------------------------------------
     0 | D:1      | ccchuros the Fairy Conjurer began the quest for the Orb.
     0 | D:1      | Reached XP level 1. HP: 11/11 MP: 6/6
    49 | D:1      | Reached skill level 5 in Conjurations
    58 | D:1      | Reached XP level 2. HP: 11/17 MP: 7/7
   238 | D:1      | Learned a level 2 spell: Searing Ray
   306 | D:1      | Reached XP level 3. HP: 21/21 MP: 2/9
   472 | D:1      | Learned a level 3 spell: Iskenderun's Mystic Blast
  1080 | D:2      | Reached skill level 1 in Throwing
  1179 | D:2      | Found a radiant altar of Vehumet.
  1183 | D:2      | Became a worshipper of Vehumet
  1339 | D:2      | Found a runed door.
  1517 | D:2      | Noticed Jessica
  1522 | D:2      | Killed Jessica
  1522 | D:2      | Reached skill level 1 in Short Blades
  1522 | D:2      | Reached XP level 4. HP: 26/27 MP: 4/10
  1589 | D:2      | Found an opulent altar of Gozag.
  1676 | D:2      | Found a basalt altar of Yredelemnul.
  1678 | D:2      | Noticed a profane servitor
  1696 | D:2      | Found a glowing golden altar of the Shining One.
  1698 | D:2      | Noticed an angel
  1737 | D:2      | Noticed Terence
  1743 | D:2      | Killed Terence
  1833 | D:2      | Found a faded altar of an unknown god.
  2001 | D:2      | Noticed Crazy Yiuf
  2019 | D:2      | Slain by Crazy Yiuf

Skill      XL: |  1  2  3 |
---------------+----------+-----
Conjurations   | 5 |  5.8
Spellcasting   | 3 |  3.3
Throwing       | 1 |  1.3
Dodging        | 3 |  3.2
Short Blades   | 1 |  1.8
Fighting       | |  0.1
Stealth        | |  1.6

Action                   |  1- 3 |  4- 6 || total
-------------------------+-------+-------++-------
Melee: Short sword       |    30 |    33 ||    63
 Cast: Magic Dart        |    32 |     1 ||    33
       Searing Ray       |     5 |     2 ||     7
       Iskenderun's Myst |     7 |     2 ||     9
  Eat: Chunk             |     3 |     3 ||     6
Armor: Skin              |     3 |     3 ||     6
Dodge: Dodged            |    28 |    18 ||    46
Block: Other             |     8 |     8 ||    16
